 Dungeon Crawl Stone Soup version 0.29-a0-418-gc0181ea820 (webtiles) character file.

Game seed: 4777849403677313304

64 freelancePsychic the Poker (level 3, 0/33 HPs)
             Began as a Troll Wanderer on May 18, 2022.
             Slain by a gnoll
             ... wielding a +0 spear
              (4 damage)
             ... on level 2 of the Dungeon.
             The game lasted 00:02:47 (1244 turns).

freelancePsychic the Poker (Troll Wanderer)         Turns: 1244, Time: 00:02:48

Health: 0/33       AC:  4    Str: 18    XL:     3   Next: 91%
Magic:  0/2        EV: 10    Int:  5    God:
Gold:   78         SH:  0    Dex: 16    Spells: 2/2 levels left

rFire   . . .      SeeInvis .     - Unarmed
rCold   . . .      Faith    .   (no shield)
rNeg    . . .      Spirit   .   f - +0 robe
rPois   .          Reflect  .   d - +0 hat
rElec   .          Harm     .   (no cloak)
rCorr   .          Rampage  .   (gloves unavailable)
Will    .....                   (boots unavailable)
Stlth   +.........              (no amulet)
HPRegen 0.91/turn               (no ring)
MPRegen 0.08/turn               (no ring)

@: no status effects
A: large, unfitting armour, claws 3, regeneration 1, shaggy fur 1, tough skin 1
a: no special abilities


You were on level 2 of the Dungeon.
You visited 1 branch of the dungeon, and saw 2 of its levels.

You collected 78 gold pieces.

Inventory:

Hand Weapons
 a - a +0 spear
Armour
 d - a +0 hat (worn)
 f - a +0 robe (worn)
Scrolls
 b - 2 scrolls of fear
 e - 3 scrolls of vulnerability
 h - a scroll of poison
 j - a scroll of fog {unknown}
 k - a scroll of brand weapon {unknown}
 m - a scroll of identify {unknown}
 q - a scroll of magic mapping {unknown}
Potions
 c - a potion of invisibility
 g - a potion of magic
 i - a potion of lignification {unknown}
 l - a potion of mutation {unknown}
 n - 3 potions of curing {unknown}
 p - a potion of degeneration {unknown}


   Skills:
 + Level 1.5 Fighting
 - Level 4.1 Polearms
 + Level 2.3 Dodging
 + Level 3.7 Unarmed Combat


You had 2 spell levels left.
You didn't know any spells.
Your spell library was empty.

Dungeon Overview and Level Annotations

Branches:
Dungeon (2/15)

Altars:
Gozag


Innate Abilities, Weirdness & Mutations

You are too large for most types of armour.
You have claws for hands.
Your natural rate of healing is unusually fast.
You are covered in fur. (AC +1)
You have tough skin. (AC +1)


Message History

You see here a throwing net.
The gnoll barely misses you. The gnoll barely misses you.
You scratch the gnoll but do no damage.
The gnoll hits you with a +0 antimagic halberd.
You feel your power leaking away.
You closely miss the gnoll. You scratch the gnoll but do no damage.
The gnoll hits you with a +0 antimagic halberd.
You scratch the gnoll.
The gnoll is moderately wounded.
The gnoll barely misses you.
You scratch the gnoll but do no damage.
The gnoll is moderately wounded.
The gnoll closely misses you.
You scratch the gnoll but do no damage.
The gnoll is moderately wounded.
The gnoll hits you with a +0 antimagic halberd!
You feel your power leaking away.
Really walk into that teleport trap?
You enter a teleport trap!
The teleport trap disappears.
Your surroundings suddenly seem different.
A gnoll is nearby!
You start resting.
HP restored.
Found a stone staircase leading down.
The gnoll shouts!
The gnoll hits you with a +0 antimagic halberd!
You feel your power leaking away.
You scratch the gnoll but do no damage.
The gnoll is moderately wounded.
The gnoll hits you with a +0 antimagic halberd!
You barely miss the gnoll.
The gnoll is moderately wounded.
The gnoll hits you with a +0 antimagic halberd!
* * * LOW HITPOINT WARNING * * *
You claw the gnoll!
You kill the gnoll!
The gnoll hits you from afar with a +0 spear.
You die...

..$#######.####
#gg...........##
#..#######.#...#
#..# #....#.# #..#
#..#...# #..#
##..##.## ..).
.... #.# #.$#
###...#.########.#
........g.@).>...#
#.......##########
#.......#
###...#.# #...#.#
.......# ########


You could see a gnoll.

Vanquished Creatures
  2 gnolls
  A worm (D:2)
  A dart slug (D:1)
  5 endoplasms
  6 giant cockroaches
  5 goblins
  3 hobgoblins (D:1)
  4 jackals (D:1)
  5 kobolds (D:1)
  2 ball pythons
  4 bats
  3 frilled lizards
  4 rats
45 creatures vanquished.

Notes
Turn   | Place    | Note
-------+----------+-------------------------------------------
     0 | D:1      | freelancePsychic the Troll Wanderer began the quest for the
                  | Orb.
     0 | D:1      | freelancePsychic set off with the following items: a +0
                  | spear, a scroll of fear, a potion of invisibility, a +0
                  | hat, a scroll of vulnerability, a +0 robe
     0 | D:1      | Reached XP level 1. HP: 16/16 MP: 0/0
    96 | D:1      | Reached XP level 2. HP: 26/26 MP: 1/1
   343 | D:1      | Found a faded altar of an unknown god.
   377 | D:1      | Reached skill level 1 in Fighting
   430 | D:1      | Reached XP level 3. HP: 33/33 MP: 2/2
   933 | D:1      | Found an opulent altar of Gozag.
  1244 | D:2      | Slain by a gnoll

Illustrated notes

Levels and vault maps discovered:
D:1:      dpeg_arrival_water_altar, layout_loops_ring,
          chequers_ecumenical_altar_simple_redux, st_stairs_7
D:2:      layout_loops_ring, minmay_worlds_worst_comb

Skill      XL: |  1  2 |
---------------+-------+-----
Dodging        | 2 |  2.3
Fighting       | 1 |  1.5
Polearms       | |  4.1
Unarmed Combat | |  3.7

Action                   || total
-------------------------++-------
Melee: Unarmed           ||   116
       Punch             ||     3
  Use: Scroll            ||     2
       Potion            ||     1
 Stab: Sleeping          ||     7
Armor: Robe              ||    38
Dodge: Dodged            ||    58

Table legend: (Time is in decaauts)
 A = Elapsed time spent in this place.
 B = Non-inter-level travel time spent in this place.
 C = Inter-level travel time spent in this place.
 D = Time resting spent in this place.
 E = Time spent auto-exploring this place.
 F = Levels seen in this place.
 G = Mean time per level.
                   A        B        C        D        E       F      G
               +--------+--------+--------+--------+--------+-----+--------+
         Total |   1241 |   1174 |     67 |    118 |    722 |   2 |  620.5 |
       Dungeon |   1241 |   1174 |     67 |    118 |    722 |   2 |  620.5 |
               +--------+--------+--------+--------+--------+-----+--------+

Top non-repeatable levels by time:
     D:1: 1011 daAuts
     D:2: 229 daAuts
